 Dungeon Crawl Stone Soup version 0.28-a0-439-g4cf4cd4993 (webtiles) character file.

Game seed: 14691796374954017929

135 Morbidden the Firebug (level 4, -2/35 HPs)
             Began as a Demigod Fire Elementalist on Sept 11, 2021.
             Killed by nerve-wracking pain
             ... invoked by Grinder
              (13 damage)
             ... on level 3 of the Dungeon.
             The game lasted 00:04:00 (3292 turns).

Morbidden the Firebug (Demigod Fire Elementalist)   Turns: 3292, Time: 00:04:01

Health: -2/35      AC:  2    Str:  6 (9)  XL:     4   Next: 65%
Magic:  5/11       EV: 12    Int: 18 (21) God:
Gold:   152        SH:  0    Dex: 11 (14) Spells: 5/8 levels left

rFire   . . .      SeeInvis .   c - staff of air
rCold   . . .      Faith    .   (no shield)
rNeg    . . .      Spirit   .   a - +0 robe
rPois   .          Reflect  .   (no helmet)
rElec   +          Harm     .   (no cloak)
rCorr   .          Rampage  .   (no gloves)
Will    .....                   (no boots)
Stlth   ++........              (no amulet)
HPRegen 0.11/turn               (no ring)
MPRegen 0.12/turn               (no ring)

@: very slightly contaminated, invisible
A: high mp 1, forlorn
a: no special abilities


You were on level 3 of the Dungeon.
You visited 1 branch of the dungeon, and saw 3 of its levels.

You collected 152 gold pieces.

Inventory:

Armour
 a - a +0 robe (worn)
Magical Staves
 c - a staff of air (weapon)
Scrolls
 e - 4 scrolls of identify {unknown}
 f - 3 scrolls of amnesia {unknown}
 g - a scroll of brand weapon {unknown}
Potions
 b - a potion of invisibility


   Skills:
 * Level 1.0 Fighting
 + Level 1.9 Dodging
 + Level 1.9 Stealth
 * Level 2.9 Spellcasting
 * Level 1.6 Conjurations
 * Level 3.2 Fire Magic
 * Level 0.8 Air Magic
 * Level 1.0 Evocations


You had 5 spell levels left.
You knew the following spells:

 Your Spells              Type           Power      Damage    Failure   Level
a - Foxfire               Conj/Fire      44%        2x1d6     6%          1
b - Scorch                Fire           28%        2d6       6%          2

Your spell library contained the following spells:

 Spells                   Type           Power      Damage    Failure   Level
 Conjure Flame            Conj/Fire      11%        6-21      19%         3
 Inner Flame              Hex/Fire       8%         N/A       26%         3
 Flame Wave               Conj/Fire      11%        3d4       52%         4


Dungeon Overview and Level Annotations

Branches:
Dungeon (3/15)

Shops:
D:1 [!:*

Annotations:
D:2 1 runed translucent door, Crazy Yiuf
D:3 Grinder


Innate Abilities, Weirdness & Mutations

Your attributes grow dramatically as you level up.
You have an increased reservoir of magic. (+10% MP)
You shall have no god before yourself.


Message History

Flames lash the orc.
You kill the orc!
Unknown command.
Unknown command.
Grinder gestures at you. Pain shoots through your body!
Unknown command.
Unknown command.
Casting: Scorch (safe; 5% risk of failure)
Confirm with . or Enter, or press ? or * to list all spells.
You can't see any susceptible monsters within range! (Use Z to cast anyway.) Unknown command.
Grinder gestures at you. Pain shoots through your body!
* * * LOW HITPOINT WARNING * * *
Casting: Scorch (safe; 5% risk of failure)
Confirm with . or Enter, or press ? or * to list all spells.
You can't see any susceptible monsters within range! (Use Z to cast anyway.) Unknown command.
Unknown command.
Unknown command.
It was a potion of invisibility.
You fade into invisibility!
You are very lightly contaminated with residual magic.
Unknown command.
Okay, then.
Okay, then.
It was a potion of degeneration.
There was something very wrong with that liquid.
You feel weakened.
You feel dopey.
You feel clumsy.
Unknown command.
Unknown command.
Casting: Scorch (safe; 6% risk of failure)
Confirm with . or Enter, or press ? or * to list all spells.
Flames lash Grinder.
Grinder resists.
Grinder is lightly wounded.
Grinder's fire resistance burns away.
Grinder gestures at you. Pain shoots through your body!
You die...

#...........###............##
...........................##
............................#
............................#
...>........................#
................>...........#
...........................#
.......[.................#
............@...........##
....##.....#......##
.........###.######
...#####5# #.# . ##.###.#
#.)....# #))_...# ..$8..##
#..._..#


You could see Grinder (resistant, inflammable).

Vanquished Creatures
  An orc priest (D:3)
  Jessica (D:3)
  2 adders
  7 orcs (D:3)
  2 ball pythons
  5 endoplasms
  2 giant cockroaches
  2 goblins
  4 hobgoblins
  7 kobolds
  2 quokkas (D:3)
  10 bats
  5 frilled lizards
  4 rats
54 creatures vanquished.

Vanquished Creatures (others)
  182 foxfires
  3 fungi (D:2)
185 creatures vanquished.

Grand Total: 239 creatures vanquished

Notes
Turn   | Place    | Note
-------+----------+-------------------------------------------
     0 | D:1      | Morbidden the Demigod Fire Elementalist began the quest for
                  | the Orb.
     0 | D:1      | Reached XP level 1. HP: 14/14 MP: 5/5
    44 | D:1      | Reached skill level 1 in Conjurations
    76 | D:1      | Found Roann's Assorted Antiques.
   439 | D:1      | Reached XP level 2. HP: 22/22 MP: 4/7
   502 | D:1      | Found Ufeeh's Distillery.
   570 | D:1      | Found Tilu's Armour Boutique.
   651 | D:1      | Learned a level 2 spell: Scorch
  1089 | D:1      | Found Mymuz's Book Shop.
  1302 | D:2      | Reached XP level 3. HP: 27/27 MP: 5/8
  1761 | D:2      | Reached skill level 3 in Fire Magic
  1980 | D:2      | Found a runed translucent door.
  1981 | D:2      | Noticed Crazy Yiuf
  2047 | D:3      | Noticed Jessica
  2050 | D:3      | Killed Jessica
  2375 | D:3      | Reached skill level 1 in Fighting
  2375 | D:3      | Reached skill level 1 in Evocations
  2375 | D:3      | Reached XP level 4. HP: 18/35 MP: 3/10
  3280 | D:3      | Noticed Grinder
  3292 | D:3      | Killed from afar by Grinder

Illustrated notes

Levels and vault maps discovered:
D:1:      eino_arrival_water_star, layout_basic, serial_shops, shop,
          nicolae_lakefront_shop, shop, shop_statue
D:2:      cheibrodos_old_hovel, layout_loops_ring, basic_ecumenical_altar,
          uniq_crazy_yiuf_cottage
D:3:      layout_rooms, chequers_temple_overflow_statue_of_worship,
          uniq_jessica, uniq_grinder

Skill      XL: |  1  2  3 |
---------------+----------+-----
Conjurations   | 1 |  1.6
Spellcasting   | 2 |  2.9
Fire Magic     | 3 |  3.2
Fighting       | 1 |  1.0
Evocations     | 1 |  1.0
Dodging        | |  1.9
Stealth        | |  1.9
Air Magic      | |  0.8

Action                   |  1- 3 |  4- 6 || total
-------------------------+-------+-------++-------
Melee: Staff             |    13 |    22 ||    35
 Cast: Foxfire           |    96 |    13 ||   109
       Scorch            |    11 |     9 ||    20
  Use: Potion            |       |     2 ||     2
Armor: Robe              |    12 |     5 ||    17
Dodge: Dodged            |    15 |    21 ||    36

Table legend: (Time is in decaauts)
 A = Elapsed time spent in this place.
 B = Non-inter-level travel time spent in this place.
 C = Inter-level travel time spent in this place.
 D = Time resting spent in this place.
 E = Time spent auto-exploring this place.
 F = Levels seen in this place.
 G = Mean time per level.
                   A        B        C        D        E       F      G
               +--------+--------+--------+--------+--------+-----+--------+
         Total |   3301 |   3234 |     67 |    901 |   1859 |   3 | 1100.3 |
       Dungeon |   3301 |   3234 |     67 |    901 |   1859 |   3 | 1100.3 |
               +--------+--------+--------+--------+--------+-----+--------+

Top non-repeatable levels by time:
     D:1: 1214 daAuts
     D:2: 1074 daAuts
     D:3: 1013 daAuts
